 Dungeon Crawl Stone Soup version 0.28-a0-983-g1de4e0787c (webtiles) character file.

Game seed: 1335703994368787743

14140 Glokmah the Geomancer (level 11, -5/85 HPs)
             Began as a Grey Draconian Earth Elementalist on Dec 3, 2021.
             Was a High Priest of Hepliaklqana.
             Slain by a cane toad (43 damage)
             ... on level 1 of the Lair of Beasts.
             The game lasted 00:33:24 (10822 turns).

Glokmah the Geomancer (DrEE)                       Turns: 10822, Time: 00:33:24

Health: -5/85      AC: 15    Str: 11    XL:     11   Next: 84%
Magic:  24/24      EV:  2    Int: 20    God:    Hepliaklqana [*****.]
Gold:   775        SH:  0    Dex: 11    Spells: 12/29 levels left

rFire   . . .      SeeInvis .   a - staff of earth
rCold   . . .      Faith    .   (no shield)
rNeg    . . .      Spirit   .   (armour unavailable)
rPois   .          Reflect  .   (helmet restricted)
rElec   .          Harm     .   Q - +2 cloak
rCorr   .          Rampage  .   (no gloves)
Will    +....                   (no boots)
Stlth   ++........              c - amulet of magic regeneration
HPRegen 0.24/turn               g - ring of willpower
MPRegen 0.59/turn               n - ring of wizardry

@: sleeping
A: reduced essence, AC +12, amphibious, unfitting armour, cold-blooded
a: Renounce Religion, Recall Ancestor, Ancestor Identity, Transference, Idealise


You were on level 1 of the Lair of Beasts.
You worshipped Hepliaklqana.
Hepliaklqana was extremely pleased with you.
You visited 2 branches of the dungeon, and saw 11 of its levels.
You also visited: Ossuary and Bailey.

You collected 775 gold pieces.

Inventory:

Hand Weapons
 e - the +11 hunting sling "Wopiz" {freeze, Fly rF+ rN+}
   (You found it in an ossuary)

   Any ammunition fired from it freezes those it strikes, dealing additional
   cold damage.
   It can also slow down cold-blooded creatures.
   rF:        It protects you from fire.
   rN:        It protects you from negative energy.
   Fly:       It grants you flight.
 T - a +2 dagger of protection
Missiles
 p - 6 poisoned darts
 q - 2 throwing nets
 w - 145 stones
 F - 39 sling bullets
Armour
 Q - a +2 cloak (worn)
Magical Staves
 a - a staff of earth (weapon)
 b - a staff of cold
 m - a staff of death
Jewellery
 c - an amulet of magic regeneration (around neck)
 g - a ring of willpower (left hand)
 j - a ring of protection from cold
 k - a ring of flight
 n - a ring of wizardry (right hand)
 I - a +4 ring of slaying
 L - an amulet of faith
Wands
 u - a wand of mindburst (11)
 O - a wand of digging (4)
 P - a wand of paralysis (7)
 R - a wand of iceblast (10)
Scrolls
 f - 2 scrolls of fear
 C - a scroll of magic mapping
 G - 3 scrolls of teleportation
 M - 2 scrolls of fog
Potions
 d - 4 potions of lignification
 h - a potion of resistance {unknown}
 i - 2 potions of haste {unknown}
 l - a potion of attraction {unknown}
 r - 4 potions of heal wounds
 v - a potion of berserk rage {unknown}
 z - a potion of flight {unknown}
 A - 2 potions of cancellation
 B - 2 potions of magic {unknown}
 D - 3 potions of curing
 E - 3 potions of invisibility
 H - a potion of brilliance {unknown}
 J - a potion of might {unknown}
 K - 2 potions of mutation {unknown}


   Skills:
 + Level 8.5 Fighting
 - Level 1.7 Dodging
 - Level 1.7 Stealth
 * Level 9.9 Spellcasting
 + Level 6.1 Conjurations
 - Level 3.0 Transmutations
 * Level 6.7 Ice Magic
 - Level 13.0 Earth Magic


You had 12 spell levels left.
You knew the following spells:

 Your Spells              Type           Power      Damage    Failure   Level
a - Sandblast             Erth           100%       2d20      1%          1
b - Passwall              Tmut/Erth      48%        N/A       1%          2
c - Stone Arrow           Conj/Erth      100%       3d13      1%          3
d - Petrify               Tmut/Erth      58%        N/A       1%          4
e - Ozocubu's Armour      Ice            37%        N/A       1%          3
f - Hailstorm             Conj/Ice       35%        3d9       1%          4

Your spell library contained the following spells:

 Spells                   Type           Power      Damage    Failure   Level
 Ensorcelled Hibernation  Hex/Ice        46%        N/A       1%          2
 Ice Form                 Ice/Tmut       29%        N/A       4%          4
 Gell's Gravitas          Tloc           9%         N/A       9%          3
 Inner Flame              Hex/Fire       9%         N/A       9%          3
 Lesser Beckoning         Tloc           9%         N/A       9%          3
 Portal Projectile        Hex/Tloc       18%        N/A       9%          3
 Teleport Other           Tloc           9%         N/A       9%          3
 Tukima's Dance           Hex            9%         N/A       9%          3
 Irradiate                Conj/Tmut      14%        3d18      12%         5
 Lightning Bolt           Conj/Air       11%        1d24      22%         5
 Airstrike                Air            4%         N/A       26%         4
 Cause Fear               Hex            4%         N/A       26%         4
 Summon Lightning Spire   Summ/Air       9%         N/A       26%         4
 Simulacrum               Ice/Necr       11%        N/A       69%         6
 Ozocubu's Refrigeration  Ice            18%        4d8       78%         7
 Discord                  Hex            4%         N/A       100%        8


Dungeon Overview and Level Annotations

Branches:
Dungeon (10/15)            Temple (0/1) D:5            Lair (1/6) D:10
    Orc (0/2) D:10        Ossuary (visited)          Bailey (visited)

Altars:
Ashenzari
Cheibriados
Dithmenos
Fedhas
Hepliaklqana
Nemelex Xobeh
Okawaru
Qazlal
Ru
Sif Muna
Uskayaw
Xom
Yredelemnul

Shops:
D:2 !

Annotations:
Lair:1 Fannar


Innate Abilities, Weirdness & Mutations

Your life essence is reduced to manifest your ancestor. (-10% HP)
Your dull iron-grey scales are very hard. (AC +12)
You are amphibious.
You cannot fit into any form of body armour.
You are cold-blooded and may be slowed by cold attacks.


Message History

The dream sheep bleats!
A dream sheep comes into view. 2 dream sheep come into view.
Fannar shouts!
The dream sheep bleats! x2
The cane toad gives a loud, deep croak!
The dream sheep ruffle their wool and motes of dream dust sparkle, to no effect.
A dream sheep comes into view.
The dream sheep bleats!
Casting: Sandblast (safe; 1% risk of failure)
Confirm with . or Enter, or press ? or * to list all spells.
Aiming: Petrify (mildly dangerous; 1% risk of failure)
Press: ? - help, Shift-Dir - straight line, f - Fannar
Aim: Fannar, wielding a +0 quarterstaff of freezing, wearing a +1 robe of cold resistance and wearing a ring of ice (chance to affect: 26%)
You feel a surge of power!
Fannar easily resists.
Fannar glares icily.
The dream sheep shake their wool and sparkle.
You feel drowsy...
You fall asleep.
The cane toad stings you!!!
You wake up.
Ouch! That really hurt!
Fannar hits Khalidah with a +0 quarterstaff of freezing.
Unknown command.
Unknown command.
Okay, then.
Okay, then.
Khalidah hits Fannar with a +0 dagger of draining!
The dream sheep closely misses Khalidah.
The dream sheep bites Khalidah.
Fannar hits Khalidah with a +0 quarterstaff of freezing!
Khalidah hits Fannar with a +0 dagger of draining!
The dream sheep barely misses Khalidah.
Fannar hits Khalidah with a +0 quarterstaff of freezing!
Fannar freezes Khalidah.
The cane toad misses you.
Khalidah barely misses Fannar.
The dream sheep bites Khalidah!
Khalidah is destroyed!
The dream sheep shake their wool and sparkle.
You feel drowsy...
You fall asleep.
Fannar casts a spell.
Fannar blinks!
The cane toad stings you!!!
Ouch! That really hurt!
You die...

.## ...
..............
..##..##
#......$.#
...#...#
#........#
....#.#
##........#
#.8...#
#.........#
....###
##........##
#.+##.#
#...e......#
.....##
##......Y.####
.....#
#..@FYY.YY....
.....#
#..#####ยง.....
.....#########.P#
.Y....
...............P#
.....
.....P#.######.##
..... .....####
#.# .... .....#
#.# .... ....)##
P.# ......# #.#


You could see Fannar, a cane toad and 5 dream sheep.

Vanquished Creatures
  2 two-headed ogres
  An orc knight (Bailey)
  An orc sorcerer (Bailey)
  A manticore (D:10)
  3 elephants (Lair:1)
  Maurice (D:8)
  A komodo dragon (Lair:1)
  A kobold demonologist (Bailey)
  A troll (D:7)
  Grinder (D:3)
  Prince Ribbit (D:8)
  15 yaks (Lair:1)
  2 basilisks
  Grum (D:8)
  A steam dragon (D:9)
  Menkaure (D:5)
  5 water moccasins
  12 orc warriors
  2 black bears
  2 necrophages
  7 wolves
  An ogre (D:5)
  A centaur (D:9)
  A phantom (D:2)
  A kobold brigand (D:8)
  2 bullfrogs
  2 scorpions
  3 water moccasin zombies
  A wyvern skeleton (D:7)
  8 killer bees
  5 electric eels (Bailey)
  4 howler monkeys (D:9)
  6 centaur zombies
  A bullfrog zombie (D:7)
  2 hounds
  A jelly (D:8)
  5 orc priests
  A centaur skeleton (D:7)
  A hexer (Bailey)
  An iguana (D:4)
  8 orc wizards
  7 hell rats (Lair:1)
  2 mummies (Ossuary)
  Robin (D:3)
  A howler monkey zombie (D:10)
  7 gnolls
  5 adders
  An ufetubus (D:7)
  2 adder zombies (Ossuary)
  A worm (D:5)
  2 dart slugs
  36 orcs
  5 bats
  4 endoplasms
  A giant cockroach (D:1)
  19 goblins
  11 hobgoblins
  11 ball pythons
  5 frilled lizards
  4 gnoll zombies (Ossuary)
  A goblin zombie (D:5)
  2 hobgoblin zombies (Ossuary)
  9 kobolds
  8 kobold zombies (Ossuary)
  2 orc zombies (Ossuary)
  10 rats
  A rat zombie (D:5)
275 creatures vanquished.

Vanquished Creatures (collateral kills)
  A wyvern (D:10)
  A yak (D:10)
  3 orc warriors
  A wolf (Lair:1)
  A kobold brigand (D:9)
  A water moccasin zombie (Ossuary)
  A killer bee (D:10)
  A hound skeleton (D:5)
  A gnoll (Bailey)
  2 adder zombies (Ossuary)
  An orc (D:7)
  A gnoll zombie (Ossuary)
  A hobgoblin (Bailey)
  2 goblins (Bailey)
  2 hobgoblin zombies (Ossuary)
  2 kobolds (D:9)
  2 butterflies (D:7)
24 creatures vanquished.

Vanquished Creatures (others)
  6 hexers
  5 fungi
  2 plants (Lair:1)
13 creatures vanquished.

Grand Total: 312 creatures vanquished

Notes
Turn   | Place    | Note
-------+----------+-------------------------------------------
     0 | D:1      | Glokmah the Draconian Earth Elementalist began the quest
                  | for the Orb.
     0 | D:1      | Reached XP level 1. HP: 14/14 MP: 3/3
   261 | D:1      | Reached XP level 2. HP: 22/22 MP: 3/5
   475 | D:1      | Learned a level 2 spell: Passwall
   742 | D:1      | Reached skill level 1 in Fighting
  1103 | D:2      | Found Giamm's Distillery.
  1236 | D:2      | Noticed a black bear
  1243 | D:2      | Killed a black bear
  1244 | D:2      | Reached skill level 4 in Earth Magic
  1244 | D:2      | Reached XP level 3. HP: 19/29 MP: 2/6
  1244 | D:2      | Reached XP level 4. HP: 23/36 MP: 2/7
  1254 | D:2      | Learned a level 3 spell: Stone Arrow
  1390 | D:2      | Noticed a phantom
  1397 | D:2      | Killed a phantom
  1398 | D:2      | Reached XP level 5. HP: 33/41 MP: 5/9
  1522 | D:2      | Found a hazy altar of Hepliaklqana.
  1532 | D:2      | Became a worshipper of Hepliaklqana the Forgotten
  2360 | D:3      | Reached skill level 1 in Conjurations
  2449 | D:3      | Noticed Robin
  2517 | D:3      | Killed Robin
  2567 | D:3      | Learned a level 4 spell: Petrify
  2674 | D:3      | Reached XP level 6. HP: 39/50 MP: 4/10
  2772 | D:3      | Noticed Grinder
  2807 | D:3      | Killed Grinder
  2808 | D:3      | Reached skill level 5 in Earth Magic
  2822 | D:3      | Noticed an orc warrior
  2871 | D:3      | Your scales start taking on a dull iron-grey colour.
  2871 | D:3      | Reached skill level 6 in Earth Magic
  2871 | D:3      | Reached XP level 7. HP: 27/57 MP: 8/12
  3399 | D:4      | Reached skill level 7 in Earth Magic
  3634 | D:4      | Reached * piety under Hepliaklqana
  4028 | D:5      | Entered Level 5 of the Dungeon
  4084 | D:5      | Found a sand-covered staircase.
  4096 | Ossuary  | Entered an ossuary
  4236 | Ossuary  | Identified the +11 hunting sling "Wopiz" {freeze, Fly rF+
                  | rN+}
  4386 | D:5      | Reached ** piety under Hepliaklqana
  4390 | D:5      | Reached XP level 8. HP: 59/59 MP: 11/14
  4390 | D:5      | Remembered your ancestor Khalidah as a hexer
  4502 | D:5      | Noticed Menkaure
  4507 | D:5      | Killed Menkaure
  4509 | D:5      | Reached skill level 8 in Earth Magic
  4512 | D:5      | Found a staircase to the Ecumenical Temple.
  4794 | D:5      | Found a snail-covered altar of Cheibriados.
  5162 | D:6      | Reached skill level 5 in Spellcasting
  5505 | D:7      | Reached skill level 5 in Fighting
  5541 | D:7      | Found a stormy altar of Qazlal.
  5541 | D:7      | Found a shadowy altar of Dithmenos.
  5544 | D:7      | Found a sparkling altar of Nemelex Xobeh.
  5547 | D:7      | Found a hazy altar of Hepliaklqana.
  5552 | D:7      | Found an iron altar of Okawaru.
  5552 | D:7      | Found a broken altar of Ashenzari.
  5557 | D:7      | Reached skill level 9 in Earth Magic
  5557 | D:7      | Found a blossoming altar of Fedhas.
  5559 | D:7      | Found a basalt altar of Yredelemnul.
  5562 | D:7      | Found a hide-covered altar of Uskayaw.
  5681 | D:7      | Noticed a troll
  5689 | D:7      | Killed a troll
  5690 | D:7      | Reached XP level 9. HP: 66/66 MP: 5/17
  5756 | D:7      | Found a shimmering altar of Xom.
  6172 | D:8      | Learned a level 3 spell: Ozocubu's Armour
  6184 | D:8      | Noticed a two-headed ogre
  6198 | D:8      | Killed a two-headed ogre
  6199 | D:8      | Reached skill level 1 in Ice Magic
  6199 | D:8      | Reached skill level 10 in Earth Magic
  6243 | D:8      | Reached *** piety under Hepliaklqana
  6243 | D:8      | Noticed Maurice
  6248 | D:8      | Killed Maurice
  6377 | D:8      | Reached skill level 5 in Conjurations
  6388 | D:8      | Noticed Prince Ribbit
  6400 | D:8      | Killed Prince Ribbit
  6426 | D:8      | Reached XP level 10. HP: 75/75 MP: 3/20
  6525 | D:8      | Noticed Grum
  6544 | D:8      | Killed Grum
  6559 | D:8      | Reached skill level 11 in Earth Magic
  6840 | D:8      | Found a shimmering blue altar of Sif Muna.
  7710 | D:9      | Reached **** piety under Hepliaklqana
  7788 | D:9      | Found a sacrificial altar of Ru.
  7936 | D:10     | Entered Level 10 of the Dungeon
  7947 | D:10     | Found a flagged portal.
  7969 | Bailey   | Entered a bailey
  8444 | Bailey   | Noticed an orc sorcerer
  8455 | Bailey   | Reached skill level 12 in Earth Magic
  8457 | Bailey   | Killed an orc sorcerer
  8463 | Bailey   | Noticed an orc knight
  8520 | Bailey   | Found an iron altar of Okawaru.
  8543 | Bailey   | Killed an orc knight
  8593 | Bailey   | Got Iqefeisu's Collected Works on Entrancing Moulding
  8609 | Bailey   | Identified the +1 leather armour "Meec" {rC++ Slay-5}
  8632 | Bailey   | Identified the +3 hand axe of the Manifold Servitors
                  | {drain, rF- Int+2 Dex+6}
  8648 | Bailey   | Reached XP level 11. HP: 74/82 MP: 16/23
  8719 | Bailey   | Learned a level 4 spell: Hailstorm
  8719 | Bailey   | Acquired a staff of earth
  8865 | D:10     | Found a staircase to the Orcish Mines.
  8976 | D:10     | Noticed a two-headed ogre
  8982 | D:10     | Killed a two-headed ogre
  9053 | D:10     | Found a staircase to the Lair.
  9140 | D:10     | Reached skill level 5 in Ice Magic
  9589 | D:10     | Reached ***** piety under Hepliaklqana
  9820 | Lair:1   | Entered Level 1 of the Lair of Beasts
  9887 | Lair:1   | Reached skill level 13 in Earth Magic
 10814 | Lair:1   | Noticed Fannar
 10822 | Lair:1   | Slain by a cane toad

Illustrated notes

Levels and vault maps discovered:
D:1:      amcnicky_arrival_single_pillar, layout_loops_cross
D:2:      layout_basic, basic_altar, serial_shops, shop, skrybe_limestone_x,
          minmay_tetromino_i2
D:3:      layout_basic, minmay_misc_feat_more_columns, minmay_fountain_box,
          uniq_grinder, uniq_robin
D:4:      layout_basic
D:5:      layout_basic, slow_altar_2, minmay_temple_entry_arrows,
          enter_ossuary_4, uniq_menkaure
D:6:      layout_rooms
D:7:      layout_rooms, xom_butterflies, nicolae_overflow_hallway_of_the_gods,
          ebering_dispersal_statue_hall, chequers_serial_rivers_micro_d
D:8:      layout_basic, tgw_sif, nrook_mini_vaults, uniq_prince_ribbit1,
          uniq_grum, uniq_maurice
D:9:      layout_roguey, lemuel_doored_altar
D:10:     layout_irregular_city, david_lair_generic, david_orc_2, enter_bailey_2
Lair:1:   layout_small_grid, serial_bayou_pond_d, grunt_megastairs_4,
          lemuel_fruit_tree, uniq_fannar

Skill      XL: |  1  2  3  4  5  6  7  8  9 10 11 |
---------------+----------------------------------+-----
Fighting       | 1 2 3 4 5 6 7 8 |  8.5
Transmutations | 2 3 |  3.0
Earth Magic    | 4 6 7 9 10 12 13 | 13.0
Conjurations   | 1 2 3 4 5 6 |  6.1
Spellcasting   | 3 4 5 7 8 9 |  9.9
Ice Magic      | 2 4 6 |  6.7
Dodging        | |  1.7
Stealth        | |  1.7

Action                   |  1- 3 |  4- 6 |  7- 9 | 10-12 || total
-------------------------+-------+-------+-------+-------++-------
Melee: Unarmed           |    17 |       |       |       ||    17
       Dagger            |    37 |    77 |    10 |    23 ||   147
       Tailslap          |     4 |    10 |     1 |     5 ||    20
       Staff             |       |       |       |     5 ||     5
 Fire: Hunting sling     |       |       |     4 |       ||     4
 Cast: Sandblast         |    15 |    33 |    82 |   121 ||   251
       Stone Arrow       |       |    25 |    85 |   114 ||   224
       Petrify           |       |     6 |     4 |     2 ||    12
       Hailstorm         |       |       |       |    16 ||    16
       Ozocubu's Armour  |       |       |       |     2 ||     2
Invok: Ancestor Life: He |       |       |     1 |       ||     1
  Use: Scroll            |       |       |     1 |    20 ||    21
 Stab: Sleeping          |     3 |     3 |     1 |       ||     7
       Petrified         |       |    12 |       |       ||    12
       Confused          |       |       |       |     2 ||     2
       Distracted        |       |       |       |     1 ||     1
Armor: Skin              |    21 |    37 |    21 |    64 ||   143
Dodge: Dodged            |    29 |    45 |    28 |    71 ||   173

Table legend: (Time is in decaauts)
 A = Elapsed time spent in this place.
 B = Non-inter-level travel time spent in this place.
 C = Inter-level travel time spent in this place.
 D = Time resting spent in this place.
 E = Time spent auto-exploring this place.
 F = Levels seen in this place.
 G = Mean time per level.
                   A        B        C        D        E       F      G
               +--------+--------+--------+--------+--------+-----+--------+
         Total |  10810 |  10219 |    591 |    564 |   7230 |  13 |  831.5 |
       Dungeon |   8774 |   8215 |    559 |    333 |   6351 |  10 |  877.4 |
          Lair |   1002 |    970 |     32 |     25 |    753 |   1 | 1002.0 |
       Ossuary |    170 |    170 |      0 |     16 |      2 |   1 |  170.0 |
        Bailey |    862 |    862 |      0 |    190 |    124 |   1 |  862.0 |
               +--------+--------+--------+--------+--------+-----+--------+

Top non-repeatable levels by time:
     D:3: 1160 daAuts
     D:2: 1131 daAuts
     D:8: 1093 daAuts
     D:1: 1091 daAuts
    D:10: 1017 daAuts
  Lair:1: 1002 daAuts
  Bailey: 862 daAuts
     D:5: 794 daAuts
     D:9: 694 daAuts
     D:7: 660 daAuts
     D:4: 636 daAuts
     D:6: 493 daAuts
 Ossuary: 170 daAuts
